AoeStats
← decayon

African Clearing

510556125Analyzed
4v4 RM · 9h ago on Oct 1, 2026· 22m 10s· 8 players
Game mode
Random Map
Map size
Large (8 player)
Population
200
Speed
Normal
Resources
Standard
Victory
Conquest
Starting age
Dark Age
Ending age
Imperial Age
RankedLock teamsTeams togetherTeam positionsShared explorationLock speedFull tech treeHidden civsTurbo modeCheats
Victory
Defeat
🇫🇷 Franks · France
1053
+13
🇧🇪 Inca · Belgium
1015
+15
🇧🇪 Chinese · Belgium
1000
+15
🇲🇽 Sicilians · Mexico
998
+15
🇦🇺 Persians · Australia
1067
-18
🇹🇼 Italians · Taiwan
1012
-16
🇺🇸 Japanese · United States
933
-12
🇹🇼 Teutons · Taiwan
922
-12
alsteens.l
10:22 Loom
14:55 Feudal Age
FraD
8:31 Loom
vanherenthals.remy
4:30 Loom
glitter
7:45 Loom
16:34 Feudal Age
18:10 Wheelbarrow
19:12 Gold Mining
21:03 Town Watch
24:50 Castle Age
decayon
crazyfork
Rido
y852963741
Connection lost

Rejoining the realm…

Still unreachable

The connection could not be restored.

Session expired

The server has moved on; the page needs a fresh start.